 Seeded DCSS version 0.27-a0-1308-gc08437e49b (webtiles) character file.

Game seed: 20210618 (custom seed)

136 muata the Chopper (level 4, 0/60 (63) HPs)
             Began as a Minotaur Berserker on June 18, 2021.
             Was a Believer of Trog.
             Slain by a wight (6 damage)
             ... on level 3 of the Dungeon.
             The game lasted 00:04:25 (2540 turns).

muata the Chopper (Minotaur Berserker)              Turns: 2540, Time: 00:04:26

HP:   0/60 (63)     AC:  3    Str: 23    XL:     4   Next: 98%
MP:   3/3           EV: 11    Int:  4    God:    Trog [**....]
Gold: 59            SH:  2    Dex:  9    Spells: 3/3 levels left

rFire    . . .     SeeInvis .   b - +0 war axe
rCold    . . .     Faith    .   m - +0 buckler
rNeg     . . .     Spirit   .   k - +0 leather armour
rPois    +         Reflect  .   (helmet restricted)
rElec    .         Harm     .   (no cloak)
rCorr    .         Rampage  .   (no gloves)
Will     .....                  (no boots)
Stlth    ..........             (no amulet)
HPRegen  0.20/turn              h - ring of poison resistance
MPRegen  0.08/turn              (no ring)

@: berserking, lightly drained, very quick
A: horns 2, retaliatory headbutt
a: Renounce Religion, Berserk, Trog's Hand


You were on level 3 of the Dungeon.
You worshipped Trog.
Trog was pleased with you.
You visited 1 branch of the dungeon, and saw 3 of its levels.

You collected 59 gold pieces.

Inventory:

Hand Weapons
 a - a +0 hand axe
 b - a +0 war axe (weapon)
Armour
 k - a +0 leather armour (worn)
 m - a +0 buckler (worn)
Jewellery
 h - a ring of poison resistance (left hand)
Scrolls
 c - a scroll of immolation {unknown}
 d - 3 scrolls of teleportation {unknown}
 e - 6 scrolls of identify {unknown}
Potions
 f - a potion of might {unknown}
 g - a potion of flight {unknown}
 i - a potion of brilliance {unknown}
 j - 3 potions of heal wounds {unknown}
 l - a potion of degeneration {unknown}


   Skills:
 + Level 5.5 Fighting
 + Level 5.5 Axes
 - Level 2.4 Armour
 - Level 2.1 Dodging


You had 3 spell levels left.
You didn't know any spells.
Your spell library was empty.

Dungeon Overview and Level Annotations

Branches:
Dungeon (3/15)

Altars:
Ashenzari
Okawaru

Shops:
D:2 =


Innate Abilities, Weirdness & Mutations

You have a pair of horns on your head.
You reflexively headbutt those who attack you in melee.


Message History

Trog accepts your kill.
The iguana bites you but does no damage.
Things that are here:
a +0 whip; a kobold corpse You barely miss the iguana.
Your headbutt misses the iguana. The iguana bites you!
A wight comes into view. It is wielding a +4 morningstar.
You closely miss the iguana. You block the iguana's attack.
The iguana barely misses you.
You barely miss the iguana. You headbutt the iguana!
The iguana is heavily wounded.
The iguana closely misses you. You furiously retaliate!
You headbutt the iguana!
You kill the iguana!
Trog accepts your kill.
You hit the ball python. Your headbutt misses the ball python.
The ball python is moderately wounded.
You block the ball python's attack. The ball python barely misses you.
You slash the ball python!
You kill the ball python!
Trog accepts your kill.
Found an escape hatch in the ceiling.
You closely miss the wight. The wight closely misses you.
You furiously retaliate!
You headbutt the wight, but do no damage.
You closely miss the wight.
You headbutt the wight, but do no damage.
The wight hits you with a +4 morningstar.
The wight hits you with a +4 morningstar!
You feel drained.
You hit the wight but do no damage. You block the wight's attack.
You closely miss the wight. Your headbutt misses the wight.
The wight closely misses you.
You hit the wight but do no damage.
The wight hits you with a +4 morningstar!
* * * LOW HITPOINT WARNING * * *
A red film seems to cover your vision as you go berserk!
You feel yourself moving faster!
You feel mighty!
The wight hits you with a +4 morningstar.
You die...

#. . .# #.#
.## #.# ..#
... .<. #.#
#.. #.#
#.##.##.#
#.#.#.#
#...# #@#
##z#
###.)###
.###...†..#
.'........#
.###....#.#
#.#..#.# ..
#.##.#.#
...
#......#


You could see a wight.

Vanquished Creatures
  A howler monkey (D:3)
  An iguana (D:3)
  An adder (D:2)
  A worm (D:3)
  4 dart slugs
  4 endoplasms
  2 giant cockroaches
  8 goblins
  6 hobgoblins
  3 quokkas
  10 ball pythons
  4 bats
  A frilled lizard (D:1)
  2 kobolds (D:3)
  4 rats
52 creatures vanquished.

Notes
Turn   | Place    | Note
-------+----------+-------------------------------------------
     0 | D:1      | muata the Minotaur Berserker began the quest for the Orb.
     0 | D:1      | Reached XP level 1. HP: 19/19 MP: 0/0
   356 | D:1      | Reached XP level 2. HP: 27/27 MP: 1/1
  1037 | D:2      | Found Quywnou's Jewellery Emporium.
  1077 | D:2      | Reached XP level 3. HP: 32/34 MP: 2/2
  1349 | D:2      | Reached ** piety under Trog
  1491 | D:2      | Found an iron altar of Okawaru.
  2197 | D:3      | Reached XP level 4. HP: 39/39 MP: 3/3
  2328 | D:3      | Found a broken altar of Ashenzari.
  2476 | D:3      | Reached skill level 5 in Fighting
  2476 | D:3      | Reached skill level 5 in Axes
  2540 | D:3      | Slain by a wight

Illustrated notes

Levels and vault maps discovered:
D:1:      lightli_arrival_statuegarden, layout_loops_cross
D:2:      layout_basic, basic_altar, serial_shops, shop_fountains,
          minmay_goblin_outpost
D:3:      layout_loops_corners, general_overflow_altar

Skill      XL: |  1  2  3  4 |
---------------+-------------+-----
Fighting       | 4 5 |  5.5
Axes           | 4 5 |  5.5
Armour         | |  2.4
Dodging        | |  2.1

Action                   |  1- 3 |  4- 6 || total
-------------------------+-------+-------++-------
Melee: Hand axe          |    76 |       ||    76
       Headbutt          |    12 |     3 ||    15
       War axe           |       |    17 ||    17
Invok: Berserk           |     1 |     1 ||     2
 Stab: Sleeping          |     2 |       ||     2
Armor: Animal skin       |    15 |       ||    15
       Leather armour    |       |     1 ||     1
Dodge: Dodged            |    71 |     8 ||    79
Block: Buckler           |       |     4 ||     4

Table legend: (Time is in decaauts)
 A = Elapsed time spent in this place.
 B = Non-inter-level travel time spent in this place.
 C = Inter-level travel time spent in this place.
 D = Time resting spent in this place.
 E = Time spent auto-exploring this place.
 F = Levels seen in this place.
 G = Mean time per level.
                   A        B        C        D        E       F      G
               +--------+--------+--------+--------+--------+-----+--------+
         Total |   2564 |   2478 |     86 |    337 |   1710 |   3 |  854.7 |
       Dungeon |   2564 |   2478 |     86 |    337 |   1710 |   3 |  854.7 |
               +--------+--------+--------+--------+--------+-----+--------+

Top non-repeatable levels by time:
     D:2: 1213 daAuts
     D:1: 996 daAuts
     D:3: 354 daAuts
